 Dungeon Crawl Stone Soup version 0.28.0-47-ge53b351184 (webtiles) character file.

Game seed: 893067769316385636

47 Bruhh the Changer (level 3, -1/28 HPs)
             Began as a Draconian Transmuter on Apr 29, 2022.
             Slain by a gnoll
             ... wielding a +0 halberd
              (13 damage)
             ... on level 2 of the Dungeon.
             The game lasted 00:03:59 (2189 turns).

Bruhh the Changer (Draconian Transmuter)            Turns: 2189, Time: 00:03:59

Health: -1/28      AC:  2    Str: 12    XL:     3   Next: 48%
Magic:  3/6        EV: 19    Int: 15    God:
Gold:   70         SH:  0    Dex: 16    Spells: 1/7 levels left

rFire   . . .      SeeInvis .     - Unarmed
rCold   . . .      Faith    .   (shield currently unavailable)
rNeg    . . .      Spirit   .   (armour unavailable)
rPois   x          Reflect  .   (helmet currently unavailable)
rElec   .          Harm     .   (cloak currently unavailable)
rCorr   .          Rampage  .   (gloves currently unavailable)
Will    .....                   (boots currently unavailable)
Stlth   +.........              f - amulet of regeneration
HPRegen 0.89/turn               h - ring of wizardry
MPRegen 0.10/turn               (no ring)

@: spider-form (expiring)
A: venomous fangs, AC +5, tiny, unfitting armour, (cold-blooded)
a: End Transformation


You were on level 2 of the Dungeon.
You were a venomous arachnid creature.
You visited 1 branch of the dungeon, and saw 2 of its levels.

You collected 70 gold pieces.

Inventory:

Jewellery
 f - an amulet of regeneration (around neck)
 h - a ring of wizardry (left front leg)
Scrolls
 a - 4 scrolls of identify {unknown}
 c - a scroll of fog {unknown}
 e - a scroll of fear {unknown}
 i - 3 scrolls of summoning {unknown}
Potions
 b - a potion of invisibility {unknown}
 d - a potion of might {unknown}
 g - a potion of magic {unknown}


   Skills:
 - Level 1.1 Fighting
 - Level 1.7 Dodging
 - Level 3.0 Unarmed Combat
 + Level 2.6 Spellcasting
 * Level 3.4 Transmutations


You had one spell level left.
You knew the following spells:

 Your Spells              Type           Power      Damage    Failure   Level
a - Beastly Appendage     Tmut           24%        N/A       6%          1
b - Wereblood             Tmut           12%        N/A       9%          2
c - Spider Form           Tmut/Pois      7%         N/A       24%         3

Your spell library contained the following spells:

 Spells                   Type           Power      Damage    Failure   Level
 Ice Form                 Ice/Tmut       7%         N/A       54%         4


Dungeon Overview and Level Annotations

Branches:
Dungeon (2/15)

Altars:


Innate Abilities, Weirdness & Mutations

You are a venomous arachnid creature.
You have poisonous fangs.
You are tiny and dextrous.
Your spellcasting is less reliable in this form.
Your armour is entirely melded.
You are incapable of wielding weapons or throwing items.
((Your plain brown scales are hard. (AC +5)))
You cannot fit into any form of body armour.
((You are cold-blooded and may be slowed by cold attacks.))


Message History

You see here a +0 long sword.
Done exploring.
Done exploring.
Done exploring.
Done exploring.
Done exploring.
Done exploring.
Done exploring.
Done exploring.
There is a fountain of clear blue water here.
The gnoll shouts!
The gnoll shouts! x2
The gnoll hits you with a +0 club.
The gnoll hits you from afar with a +0 spear.
The gnoll barely misses you.
The gnoll hits you from afar with a +0 spear.
Casting: Beastly Appendage (safe; 2% risk of failure)
Confirm with . or Enter, or press ? or * to list all spells.
The spell is quite dangerous to miscast (13% risk of failure)!
Continue anyway?
You turn into a venomous arachnid creature.
The gnoll barely misses you.
The gnoll hits you from afar with a +0 spear.
You hit the gnoll.
The gnoll is poisoned.
The gnoll is heavily wounded.
The gnoll hits you from afar with a +0 halberd.
The gnoll misses you. The gnoll barely misses you.
You barely miss the gnoll.
The gnoll is heavily wounded.
The gnoll hits you from afar with a +0 halberd!
The gnoll completely misses you. The gnoll closely misses you.
You hit the gnoll.
You kill the gnoll!
The gnoll misses you. The gnoll closely misses you.
The gnoll completely misses you. The gnoll hits you with a +0 spear.
You see here a +0 club.
You hit the gnoll.
The gnoll is moderately wounded.
Your transformation is almost over.
The gnoll hits you with a +0 halberd!
You die...

.#.###.#.....)...................
...###.#..................>......
.......#.........................
########.................##.....#
######...................#####.##
................##..##.#.## #.##
##.............##..###....## #..#
.....#.......###gg## ###...####..
<..#.........# #s## #....# ##.
######.......# #.# #..#.####.
#......># #.#### #.......#.
#.......###....####.....#... ###
#.......##..##...###....##.. ..##
#########..###...# ##...###.
#..## ##..## #...# ###### #.
##..### #..## #.⌠.# #...# ##
##...# ###.######...###.>.#


You could see 2 gnolls.

Vanquished Creatures
  A gnoll (D:2)
  2 dart slugs
  6 bats
  3 endoplasms (D:1)
  2 giant cockroaches
  3 goblins
  2 hobgoblins
  2 jackals (D:1)
  A quokka (D:1)
  3 ball pythons (D:1)
  A frilled lizard (D:2)
  3 kobolds
  2 rats (D:1)
31 creatures vanquished.

Notes
Turn   | Place    | Note
-------+----------+-------------------------------------------
     0 | D:1      | Bruhh the Draconian Transmuter began the quest for the Orb.
     0 | D:1      | Reached XP level 1. HP: 16/16 MP: 3/3
   279 | D:1      | Reached XP level 2. HP: 23/23 MP: 3/5
   988 | D:2      | Reached XP level 3. HP: 28/28 MP: 4/6
  2060 | D:1      | Learned a level 2 spell: Wereblood
  2064 | D:1      | Learned a level 3 spell: Spider Form
  2189 | D:2      | Slain by a gnoll

Illustrated notes

Levels and vault maps discovered:
D:1:      dpeg_arrival_court, layout_basic
D:2:      layout_rooms, nicolae_elevator_lobby_asterisk

Skill      XL: |  1  2 |
---------------+-------+-----
Transmutations | 3 |  3.4
Fighting       | |  1.1
Dodging        | |  1.7
Unarmed Combat | |  3.0
Spellcasting   | |  2.6

Action                   || total
-------------------------++-------
Melee: Unarmed           ||    76
       Kick              ||    10
       Headbutt          ||     9
       Tailslap          ||     4
       Punch             ||     1
 Cast: Beastly Appendage ||    22
       Spider Form       ||     1
Armor: Skin              ||    30
Dodge: Dodged            ||    64
